 Dungeon Crawl Stone Soup version 0.29.0-10-g45618ea6d2 (webtiles) character file.

Game seed: 3865661950598195281

495 Zeldest the Shield-Bearer (level 7, -3/55 HPs)
             Began as a Formicid Fighter on Sept 2, 2022.
             Slain by Edmund
             ... wielding a +2 vorpal flail
              (7 damage)
             ... on level 4 of the Dungeon.
             The game lasted 00:02:08 (3083 turns).

Zeldest the Shield-Bearer (Formicid Fighter)        Turns: 3083, Time: 00:02:09

Health: -3/55      AC: 11    Str: 22    XL:     7   Next: 38%
Magic:  7/7        EV:  9    Int:  8    God:
Gold:   170        SH:  5    Dex: 13    Spells: 6/6 levels left

rFire   . . .      SeeInvis +   a - +0 war axe
rCold   . . .      Faith    .   c - +0 buckler
rNeg    + . .      Spirit   .   b - +0 scale mail
rPois   .          Reflect  .   (helmet unavailable)
rElec   .          Harm     .   (no cloak)
rCorr   .          Rampage  .   (no gloves)
Will    .....                   (no boots)
Stlth   ..........              (no amulet)
HPRegen 0.18/turn               i - +4 ring of protection
MPRegen 0.10/turn               q - ring of positive energy

@: no status effects
A: permanent stasis, dig shafts and tunnels, antennae 3, four strong arms
a: Dig, Shaft Self


You were on level 4 of the Dungeon.
You visited 1 branch of the dungeon, and saw 4 of its levels.

You collected 170 gold pieces.

Inventory:

Hand Weapons
 a - a +0 war axe (weapon)
Armour
 b - a +0 scale mail (worn)
 c - a +0 buckler (worn)
Jewellery
 i - a +4 ring of protection (left hand)
 n - a ring of magical power
 q - a ring of positive energy (right hand)
 s - an amulet of reflection
Scrolls
 e - 5 scrolls of enchant armour {unknown}
 f - a scroll of identify {unknown}
 h - 2 scrolls of teleportation {unknown}
 m - a scroll of noise {unknown}
 p - a scroll of fear {unknown}
 w - a scroll of poison {unknown}
 x - 3 scrolls of immolation {unknown}
 y - 2 scrolls of vulnerability {unknown}
Potions
 d - 2 potions of might
 g - 2 potions of ambrosia {unknown}
 j - 2 potions of flight {unknown}
 k - 3 potions of curing {unknown}
 l - a potion of brilliance {unknown}
 o - 2 potions of invisibility
 r - a potion of resistance {unknown}
 t - 2 potions of lignification {unknown}
 u - a potion of magic {unknown}
 v - a potion of mutation {unknown}


   Skills:
 + Level 4.8 Fighting
 * Level 4.9 Axes
 + Level 4.8 Armour
 + Level 5.8 Shields


You had 6 spell levels left.
You didn't know any spells.
Your spell library contained the following spells:

 Spells                   Type           Power      Damage    Failure   Level
 Ensorcelled Hibernation  Hex/Ice        0%         N/A       89%         2
 Manifold Assault         Tloc           0%         N/A       100%        5
 Storm Form               Tmut/Air       0%         N/A       100%        7
 Blink                    Tloc           Unusable   N/A       N/A         2

Dungeon Overview and Level Annotations

Branches:
Dungeon (4/15)
 Temple: D:4-7

Altars:

Annotations:
D:4 Edmund


Innate Abilities, Weirdness & Mutations

You cannot be hasted, slowed, berserked, paralysed or teleported.
You can dig through walls and to a lower floor.
You have a pair of large antennae on your head. (SInv)
Your four strong arms can wield two-handed weapons with a shield.


Message History

You slash Edmund!
Edmund is heavily wounded.
Edmund completely misses you.
You hit Edmund but do no damage.
Edmund is heavily wounded.
Edmund hits you but does no damage. x2
You hit Edmund.
Edmund is severely wounded.
Edmund closely misses you.
You hit Edmund but do no damage.
Edmund is severely wounded.
Edmund hits you with a +2 vorpal flail.
You hit Edmund.
Edmund is severely wounded.
Edmund hits you with a +2 vorpal flail!
You hit Edmund.
Edmund is severely wounded.
Edmund barely misses you.
Edmund says, "Everyone always remembers my brother. 'Who's Edmund?' they ask!"
Edmund hits you with a +2 vorpal flail.
You closely miss Edmund.
Edmund is severely wounded.
Edmund barely misses you.
You slash Edmund!
Edmund is almost dead.
Edmund hits you with a +2 vorpal flail!
* * * LOW HITPOINT WARNING * * *
x2 You hit Edmund but do no damage.
Edmund is almost dead.
Edmund hits you but does no damage. Edmund hits you with a +2 vorpal flail.
* * * LOW HITPOINT WARNING * * *
x2 Unknown command.
Okay, then.
You closely miss Edmund.
Edmund is almost dead.
You block Edmund's attack.
You hit Edmund.
Edmund is almost dead.
Edmund hits you with a +2 vorpal flail!
You die...

#.# +.........'..
#......##.......##..
#.......#.......#...
+.....!?####'####...
#.......#.......#...
......##.......##..
.....+.........+..
#@†/##.........##.
##@# #...........#.
########..#
###.......####
.........##
#.#'#...#+#
#####.##.####...#####
# #...').....#
#####......#
#.......# #.......+
#.......#


You could see Edmund.

Vanquished Creatures
  Sigmund (D:3)
  An orc priest (D:3)
  A jelly (D:4)
  Jessica (D:3)
  Natasha (twice) (D:3)
  Terence (D:3)
  An iguana (D:4)
  An orc wizard (D:3)
  4 adders
  An ufetubus (D:4)
  2 dart slugs (D:2)
  4 orcs
  8 bats
  7 endoplasms
  3 giant cockroaches
  7 goblins
  8 hobgoblins
  8 jackals (D:1)
  4 quokkas
  6 ball pythons
  4 frilled lizards
  2 kobolds
  6 rats
83 creatures vanquished.

Vanquished Creatures (others)
  A fungus (D:1)
  3 plants (D:1)
4 creatures vanquished.

Grand Total: 87 creatures vanquished

Notes
Turn   | Place    | Note
-------+----------+-------------------------------------------
     0 | D:1      | Zeldest the Formicid Fighter began the quest for the Orb.
     0 | D:1      | Reached XP level 1. HP: 18/18 MP: 1/1
   124 | D:1      | Reached XP level 2. HP: 22/24 MP: 2/2
   579 | D:1      | Reached XP level 3. HP: 22/29 MP: 3/3
   725 | D:1      | Found a faded altar of an unknown god.
  1520 | D:2      | Reached XP level 4. HP: 31/37 MP: 4/4
  1986 | D:2      | You fall into a shaft and drop 1 floor!
  1989 | D:3      | Noticed Natasha
  1996 | D:3      | Killed Natasha
  1997 | D:3      | Reached XP level 5. HP: 28/42 MP: 5/5
  2206 | D:3      | Noticed Terence
  2216 | D:3      | Killed Terence
  2412 | D:3      | Reached skill level 5 in Shields
  2418 | D:3      | Reached XP level 6. HP: 46/48 MP: 6/6
  2467 | D:3      | Noticed Jessica
  2474 | D:3      | Killed Jessica
  2492 | D:3      | Got Jessica's Vellum of Bewitchment
  2520 | D:3      | Noticed Sigmund
  2541 | D:3      | Killed Sigmund
  2542 | D:3      | Reached XP level 7. HP: 42/55 MP: 7/7
  2649 | D:3      | Noticed Natasha
  2659 | D:3      | Killed Natasha
  3066 | D:4      | Noticed Edmund
  3083 | D:4      | Slain by Edmund

Illustrated notes

Levels and vault maps discovered:
D:1:      saegor_arrival_simple_e, layout_loops_ring,
          shapermc_ecumenical_altar_mp_urbaneastern, serial_forest,
          infiniplex_forest_clump_curved, infiniplex_forest_straight_5,
          infiniplex_forest_fountain, infiniplex_forest_zigzag_1,
          infiniplex_forest_lined_4_way, infiniplex_forest_zigzag_1,
          infiniplex_forest_lined_2, hangedman_abyss_or_decor_stabs
D:2:      layout_basic
D:3:      layout_rooms, dk_vineyard_3, kennysheep_jessica_study, uniq_terence,
          uniq_sigmund, uniq_jessica, uniq_natasha
D:4:      nicolae_cairo_tiling_very_big, layout_loops_ring,
          kennysheep_small_circle, uniq_edmund

Skill      XL: |  1  2  3  4  5  6 |
---------------+-------------------+-----
Axes           | 3 4 |  4.9
Fighting       | 4 |  4.8
Armour         | 4 |  4.8
Shields        | 5 |  5.8

Action                   |  1- 3 |  4- 6 |  7- 9 || total
-------------------------+-------+-------+-------++-------
Melee: War axe           |   115 |    89 |    38 ||   242
       Unarmed           |       |       |     5 ||     5
 Abil: Shaft Self        |       |     1 |       ||     1
Armor: Scale mail        |    62 |    55 |    21 ||   138
       Skin              |       |       |     1 ||     1
Dodge: Dodged            |    67 |    39 |    20 ||   126
Block: Buckler           |    32 |    27 |    14 ||    73
